 Dungeon Crawl Stone Soup version 0.21.0-3-g78d12a8 (webtiles) character file.

116 mopl the Cudgeler (level 4, -5/39 HPs)
             Began as a Minotaur Berserker on Jan 12, 2018.
             Was a Believer of Trog.
             Slain by a worm (10 damage)
             ... on level 3 of the Dungeon.
             The game lasted 00:02:03 (1242 turns).

mopl the Cudgeler (Minotaur Berserker)              Turns: 1242, Time: 00:02:03

Health: -5/39      AC:  9    Str: 22    XL:     4   Next: 69%
Magic:  3/3        EV: 11    Int:  4    God:    Trog [**....]
Gold:   95         SH:  5    Dex: 10    Spells: 3/3 levels left

rFire    . . .     SeeInvis .   a - +0 mace
rCold    . . .     Gourm    .   (no shield)
rNeg     . . .     Faith    .   m - +0 ring mail
rPois    .         Spirit   .   (helmet restricted)
rElec    .         Reflect  +   (no cloak)
rCorr    .         Harm     .   j - +0 pair of gloves
MR       .....                  (no boots)
Stlth    ..........             k - +5 amulet of reflection
HPRegen  0.13/turn              f - +3 ring of protection
MPRegen  0.08/turn              (no ring)

@: lethally poisoned (-5 -> -9), berserk cooldown, slowed, very slow
A: retaliatory headbutt, horns 2
a: Berserk, Trog's Hand, Burn Spellbooks, Renounce Religion


You were on level 3 of the Dungeon.
You worshipped Trog.
Trog was pleased with you.
You were very hungry.

You visited 1 branch of the dungeon, and saw 3 of its levels.

You collected 95 gold pieces.

Inventory:

Hand Weapons
 a - a +0 mace (weapon)
Armour
 b - a +0 animal skin
 j - a +0 pair of gloves (worn)
 m - a +0 ring mail (worn)
Jewellery
 f - a +3 ring of protection (left hand)
 k - a +5 amulet of reflection (around neck)
Scrolls
 e - 3 scrolls of identify {unknown}
 h - 2 scrolls of immolation {unknown}
 i - a scroll of teleportation {unknown}
 l - 2 scrolls of blinking {unknown}
 n - a scroll of random uselessness {unknown}
 o - a scroll of fog {unknown}
Potions
 g - a potion of curing {unknown}
 p - a potion of degeneration {unknown}
 q - a potion of might {unknown}
Comestibles
 c - 2 rations
 d - 6 chunks of flesh


   Skills:
 - Level 3.6 Fighting
 * Level 6.6 Maces & Flails
 - Level 2.4 Armour
 - Level 2.1 Dodging


You had 3 spell levels left.
You didn't know any spells.

Dungeon Overview and Level Annotations

Branches:
Dungeon (3/15)

Altars:
Gozag


Innate Abilities, Weirdness & Mutations

You reflexively headbutt those who attack you in melee.
You have a pair of horns on your head.


Message History

You are exhausted.
You feel yourself slow down.
You feel sick.
You hit the quokka. You headbutt the quokka.
You kill the quokka!
Trog accepts your kill.
You feel sick.
You feel sick.
You feel sick. The worm completely misses you.
You sock the worm! Your headbutt misses the worm.
The worm is heavily wounded.
You feel sick. The worm bites you.
* * * LOW HITPOINT WARNING * * *
You barely miss the worm.
The worm is moderately wounded.
You feel sick. The worm bites you.
* * * LOW HITPOINT WARNING * * *
You hit the worm.
The worm is heavily wounded.
The worm bites you!
You die...

#........
#..(..... #
#........
#.#........ #
.#........ . #.
##### ......... ..
#. #...#
##........ ...#..
#...####w........
.#....#
#...##.@.##...#..
.......##...#).###
#.o..
.......).)...)##
#..
.......##<.)### #
....... #...#
#...... #...#
#...... #...#
#...... #####
#......


You could see a worm.

Vanquished Creatures
  3 adders (D:2)
  3 oozes
  A worm (D:2)
  A dart slug (D:1)
  6 orcs (D:3)
  9 giant cockroaches
  7 goblins
  6 hobgoblins
  6 jackals
  A quokka (D:3)
  2 ball pythons
  7 bats
  2 frilled lizards
  4 kobolds
  6 rats
64 creatures vanquished.

Notes
Turn   | Place    | Note
-------+----------+-------------------------------------------
     0 | D:1      | mopl the Minotaur Berserker began the quest for the Orb.
     0 | D:1      | Reached XP level 1. HP: 19/19 MP: 0/0
    12 | D:1      | Reached skill level 4 in Maces & Flails
    49 | D:1      | Reached XP level 2. HP: 20/26 MP: 1/1
   249 | D:1      | Reached skill level 5 in Maces & Flails
   389 | D:1      | Reached XP level 3. HP: 23/31 MP: 2/2
   700 | D:2      | Reached ** piety under Trog
   767 | D:2      | Found an opulent altar of Gozag.
   784 | D:2      | Reached skill level 6 in Maces & Flails
   784 | D:2      | Reached XP level 4. HP: 39/39 MP: 3/3
  1242 | D:3      | Slain by a worm

Skill      XL: |  1  2  3 |
---------------+----------+-----
Maces & Flails | 4 5 6 |  6.6
Fighting       | |  3.6
Armour         | |  2.4
Dodging        | |  2.1

Action                   |  1- 3 |  4- 6 || total
-------------------------+-------+-------++-------
Melee: Mace              |    72 |    53 ||   125
       Headbutt          |    13 |     4 ||    17
Invok: Berserk           |     3 |     1 ||     4
  Eat: Chunk             |     2 |     2 ||     4
Armor: Animal skin       |    17 |     2 ||    19
       Ring mail         |       |    16 ||    16
Dodge: Dodged            |    45 |    23 ||    68
Block: Other             |    10 |    14 ||    24
       Reflection        |       |     1 ||     1
